 Dungeon Crawl Stone Soup version 0.25-a0-829-g4e6a552925 (webtiles) character file.

Game seed: 5632721603608077563, levelgen mode: deterministic

295 kae the Conjurer (level 6, -2/32 HPs)
             Began as a Tengu Air Elementalist on Apr 21, 2020.
             Slain by Ijyb
             ... wielding a +0 club
              (7 damage)
             ... on level 4 of the Dungeon.
             The game lasted 00:02:59 (3473 turns).

kae the Conjurer (Tengu Air Elementalist)           Turns: 3473, Time: 00:03:00

Health: -2/32      AC:  6    Str:  8    XL:     6   Next: 34%
Magic:  1/12       EV: 13    Int: 17    God:
Gold:   119        SH:  0    Dex: 15    Spells: 3/11 levels left

rFire    . . .     SeeInvis .   (no weapon)
rCold    . . .     Gourm    .   (no shield)
rNeg     . . .     Faith    .   a - +0 robe
rPois    .         Spirit   .   (helmet restricted)
rElec    .         Reflect  .   (no cloak)
rCorr    .         Harm     .   (no gloves)
MR       +....                  (boots unavailable)
Stlth    ++........             (no amulet)
HPRegen  0.10/turn              f - +4 ring of protection
MPRegen  0.13/turn              j - ring of protection from magic

@: no status effects
A: beak, talons 3, able to fly
a: Fly


You were on level 4 of the Dungeon.
You were not hungry.

You visited 1 branch of the dungeon, and saw 4 of its levels.

You collected 119 gold pieces.

Inventory:

Armour
 a - a +0 robe (worn)
Jewellery
 f - a +4 ring of protection (left hand)
 j - a ring of protection from magic (right hand)
Wands
 e - a wand of flame (9)
Scrolls
 d - 2 scrolls of identify
 g - 2 scrolls of remove curse
 i - a scroll of blinking
Comestibles
 c - 8 rations


   Skills:
 - Level 2.1 Dodging
 - Level 2.0 Stealth
 + Level 3.3 Spellcasting
 * Level 5.8 Conjurations
 + Level 5.7 Air Magic


You had 3 spell levels left.
You knew the following spells:

 Your Spells              Type           Power        Failure   Level  Hunger
a - Shock                 Conj/Air       ###.         1%          1    None
b - Static Discharge      Conj/Air       ###.....     4%          3    ###....
c - Airstrike             Air            ###.......   16%         4    ####...

Your spell library contained the following spells:

 Spells                   Type           Power        Failure   Level  Hunger
 Swiftness                Chrm/Air       ##......     8%          2    ##.....
 Lightning Bolt           Conj/Air       ###.......   41%         5    ######.


Dungeon Overview and Level Annotations

Branches:
Dungeon (4/15)
 Temple: D:4-7

Altars:
Ashenzari
Cheibriados
Dithmenos
Elyvilon
Yredelemnul
The Shining One

Annotations:
D:4 Ijyb


Innate Abilities, Weirdness & Mutations

You have a beak for a mouth.
You have claws for feet.
You can fly continuously.


Message History

You feel extremely strange.
You feel weaker.
You feel stronger. Ijyb misses you.
You closely miss Ijyb.
Ijyb is severely wounded.
Ijyb zaps a wand.
You resist with some effort.
You hit Ijyb but do no damage. You peck Ijyb, but do no damage.
Ijyb is severely wounded.
Ijyb misses you.
You hit Ijyb.
Ijyb is severely wounded.
Ijyb hits you with a +0 club.
* * * LOW HITPOINT WARNING * * *
You barely miss Ijyb.
Ijyb is severely wounded.
Ijyb barely misses you.
You closely miss Ijyb. You claw Ijyb, but do no damage.
Ijyb is severely wounded.
Ijyb hits you with a +0 club!
You die...

#.....#.#..........#
##...............รท##
#.###....)........#
#.##.###...#.........#
#..........#.#.......#
##..####.#..........##
.. #...........##
#g#.###..####
#.@.##..## #....##..#
#..........#####
#...#..#.......##
.....#...........##
.#.................#
...................#
......##...........#
#.##..........##


You could see Ijyb.

Vanquished Creatures
  A scorpion (D:4)
  A howler monkey (D:4)
  2 hounds (D:4)
  An iguana (D:4)
  A worker ant (D:2)
  An orc wizard (D:4)
  2 adders
  An adder skeleton (D:4)
  4 worms
  A leopard gecko (D:4)
  5 orcs
  2 giant cockroaches
  3 goblins
  5 hobgoblins
  A ball python (D:2)
  2 bats
  A frilled lizard (D:3)
  A kobold (D:1)
  6 rats
41 creatures vanquished.

Notes
Turn   | Place    | Note
-------+----------+-------------------------------------------
     0 | D:1      | kae the Tengu Air Elementalist began the quest for the Orb.
     0 | D:1      | Reached XP level 1. HP: 10/10 MP: 4/4
   694 | D:2      | Reached XP level 2. HP: 14/15 MP: 4/6
   781 | D:2      | Found a glowing golden altar of the Shining One.
   781 | D:2      | Found a snail-covered altar of Cheibriados.
   786 | D:2      | Found a faded altar of an unknown god.
   788 | D:2      | Found a white marble altar of Elyvilon.
   790 | D:2      | Found a shattered altar of Ashenzari.
   867 | D:2      | Found a basalt altar of Yredelemnul.
  1187 | D:2      | Reached XP level 3. HP: 5/19 MP: 1/7
  1604 | D:2      | Found a shadowy altar of Dithmenos.
  2145 | D:3      | Reached XP level 4. HP: 24/24 MP: 2/8
  2414 | D:3      | Found a faded altar of an unknown god.
  2859 | D:4      | Reached skill level 5 in Air Magic
  2872 | D:4      | Gained mutation: You can fly continuously. [Tengu growth]
  2872 | D:4      | Reached XP level 5. HP: 9/28 MP: 0/10
  2903 | D:4      | HP: 1/28 [poisoned by a scorpion]
  3022 | D:4      | Reached skill level 5 in Conjurations
  3230 | D:4      | Reached XP level 6. HP: 32/32 MP: 2/11
  3310 | D:4      | Learned a level 3 spell: Static Discharge
  3315 | D:4      | Learned a level 4 spell: Airstrike
  3445 | D:4      | Noticed Ijyb
  3468 | D:4      | Gained mutation: You are weak. (Str -2) [potion of
                  | mutation]
  3468 | D:4      | Lost mutation: You are weak. (Str -2) [potion of mutation]
  3473 | D:4      | Slain by Ijyb

Levels and vault maps discovered:
D:1:      dpeg_arrival_windows_large_door, layout_loops_ring
D:2:      layout_basic, chequers_temple_overflow_minitemple,
          nicolae_dithmenos_through_a_glass_darkly, grunt_decor_resistance,
          yredelemnul_altar_generic
D:3:      layout_rooms, chequers_ecumenical_altar_grove, first_ration
D:4:      layout_rooms, ebering_dispersal_statue_hall, minmay_misc_feat_pillars,
          uniq_ijyb

Skill      XL: |  1  2  3  4  5 |
---------------+----------------+-----
Conjurations   | 2 3 4 5 |  5.8
Air Magic      | 5 |  5.7
Spellcasting   | 3 |  3.3
Dodging        | |  2.1
Stealth        | |  2.0

Action                   |  1- 3 |  4- 6 || total
-------------------------+-------+-------++-------
Melee: Unarmed           |    35 |    31 ||    66
       Kick              |     5 |     7 ||    12
       Peck              |     6 |     3 ||     9
 Cast: Shock             |    34 |    77 ||   111
       Airstrike         |       |     1 ||     1
  Use: Scroll            |     6 |     2 ||     8
       Potion            |     4 |     3 ||     7
 Stab: Sleeping          |       |     1 ||     1
  Eat: Chunk             |     4 |     5 ||     9
Armor: Robe              |    14 |     7 ||    21
       Skin              |       |     3 ||     3
Dodge: Dodged            |    22 |    27 ||    49

Table legend:
 A = Non-vault XP
 B = Vault XP
 C = Vault XP percentage of total XP
 D = Non-vault monster count
 E = Vault monster count
 F = Vault count percentage of total count
                 A         B        C        D         E       F
            +---------+---------+-------+---------+---------+-------
      Total |     422 |       0 |   0.0 |      41 |       0 |   0.0
            +---------+---------+-------+---------+---------+-------
        D:1 |       5 |       0 |   0.0 |       4 |       0 |   0.0
        D:2 |      66 |       0 |   0.0 |      13 |       0 |   0.0
        D:3 |      41 |       0 |   0.0 |      11 |       0 |   0.0
        D:4 |     310 |       0 |   0.0 |      13 |       0 |   0.0
            +---------+---------+-------+---------+---------+-------
